Map: [EWC] Crimson Court

Players

Astrea - Winner!

  • Race: Protoss Protoss
  • Spawn Location: 1:00

ByuN

  • Race: Terran Terran
  • Spawn Location: 7:00

Event: Esports World Cup 2024

VOD

Have the link to the VOD?

Description

Time

  • Played on: Aug. 15, 2024, 10:35 a.m.
  • Length: 32:20

All games in this series

Show
View Real Time Build Order
Export as new Build Order

Astrea Protoss - Winner!

Build Orders: 1 Gate Expand, Colossus Rush 

Get SALT Encoding   

  12  0:00  Probe  
  13  0:12  Probe  
  14  0:17  Pylon  
  14  0:24  Probe (Chrono Boost)  
  15  0:36  Probe (Chrono Boost)  
  15  0:37  Gateway  
  16  0:44  Probe (Chrono Boost)  
  16  0:47  Assimilator  
  17  0:51  Probe  
  18  1:03  Probe  
  19  1:15  Probe  
  20  1:24  Cybernetics Core  
  20  1:31  Nexus  
  20  1:35  Probe  
  21  1:43  Pylon  
  21  1:47  Probe  
  21  1:52  Assimilator  
  22  1:58  Stalker (Chrono Boost)  
  22  1:59  Probe  
  25  2:09  Shield Battery  
  25  2:12  Probe  
  26  2:18  Stalker (Chrono Boost)  
  28  2:24  Probe  
  29  2:36  Probe  
  30  2:42  Sentry  
  30  2:43  Probe  
  33  2:48  Probe  
  34  2:53  Robotics Facility  
  34  2:55  Probe  
  35  2:59  Pylon  
  35  3:01  Probe  
  36  3:07  Probe (Chrono Boost)  
  37  3:13  Probe (Chrono Boost)  
  37  3:19  Probe (Chrono Boost)  
  39  3:22  Probe (Chrono Boost)  
  39  3:25  Probe (Chrono Boost)  
  41  3:27  Probe (Chrono Boost)  
  41  3:33  Gateway  
  41  3:34  Probe  
  42  3:39  Probe  
  43  3:41  Observer, Robotics Bay  
  43  3:44  Warp Gate  
  43  3:46  Probe  
  45  3:50  Assimilator, Stalker  
  45  3:52  Assimilator  
  45  3:53  Probe  
  48  3:58  Probe  
  49  4:04  Pylon  
  49  4:05  Probe  
  49  4:07  Immortal (Chrono Boost)  
  54  4:11  Pylon  
  54  4:22  Probe x2  
  56  4:32  Pylon  
  56  4:34  Probe  
  56  4:35  Colossus (Chrono Boost)  
  57  4:39  Shield Battery  
  57  4:40  Probe  
  57  4:41  Pylon  
  64  4:47  Twilight Council  
  64  4:48  Probe  
  65  4:54  Probe  
  66  5:08  Extended Thermal Lance  
  66  5:12  Nexus  
  66  5:14  Pylon  
  66  5:19  Blink (Chrono Boost)  
  65  5:24  Probe  
  66  5:31  Observer, Colossus  
  72  5:36  Probe  
  73  5:44  Probe  
  73  5:48  Stalker x2  
  78  5:51  Probe  
  78  5:53  Forge  
  79  5:59  Probe  
  80  6:04  Probe  
  80  6:07  Gateway  
  80  6:08  Gateway  
  80  6:11  Probe  
  81  6:12  Sentry, Pylon  
  81  6:13  Sentry  
  81  6:16  Probe  
  86  6:23  Probe  
  86  6:24  Probe  
  88  6:32  Protoss Ground Weapons Level 1 (Chrono Boost)  
  88  6:34  Warp Prism (Chrono Boost)  
  90  6:45  Probe x3  
  93  6:52  Pylon  
  93  6:56  Gateway  
  93  6:57  Charge (Chrono Boost), Probe  
  93  6:58  Gateway, Probe, Dark Shrine  
  93  6:59  Gateway  
  95  7:03  Gateway  
  95  7:04  Probe  
  96  7:09  Probe  
  96  7:10  Probe  
  98  7:18  Observer  
  98  7:19  Probe  
  98  7:21  Probe  
  101  7:24  Probe  
  102  7:30  Stalker  
  102  7:31  Stalker x3, Probe  
  102  7:35  Pylon  
  102  7:36  Observer  
  113  7:42  Forge  
  115  7:45  Nexus  
  115  7:47  Pylon  
  112  7:54  Observer  
  113  8:02  Zealot x7  
  113  8:03  Probe  
  118  8:08  Probe  
  118  8:11  Stalker  
  118  8:12  Protoss Ground Armor Level 1 (Chrono Boost), Probe  
  118  8:15  Probe  
  118  8:19  Observer  
  120  8:20  Protoss Ground Weapons Level 2 (Chrono Boost)  
  120  8:21  Probe  
  120  8:26  Stalker  
  123  8:34  Probe x3  
  126  8:35  Dark Templar x2  
  126  8:37  Observer  
  126  8:38  Observer  
  131  8:46  Dark Templar  
  133  8:50  Dark Templar  
  133  8:51  Observer  
  133  8:52  Probe  
  133  8:54  Pylon  
  135  8:59  Probe x3  
  138  9:04  Probe  
  131  9:18  Zealot x7  
  131  9:20  Shadow Stride  
  131  9:22  Probe x2  
  131  9:23  Probe x2  
  149  9:25  Disruptor  
  153  9:34  Gateway  
  153  9:36  Gateway  
  153  9:37  Gateway  
  153  9:39  Pylon  
  153  9:41  Gateway, Protoss Ground Armor Level 2 (Chrono Boost)  
  153  9:47  Robotics Facility  
  153  9:50  Pylon  
  153  9:55  Pylon  
  152  10:00  Disruptor  
  152  10:03  Pylon  
  152  10:04  Zealot x4  
  164  10:08  Pylon  
  164  10:09  Pylon  
  164  10:14  Dark Templar  
  163  10:15  Dark Templar  
  163  10:16  Zealot x2  
  163  10:20  Protoss Ground Weapons Level 3 (Chrono Boost)  
  167  10:45  Disruptor  
  167  10:46  Zealot x11  
  193  10:53  Gateway  
  193  10:55  Nexus  
  193  10:57  Gateway  
  190  11:23  Zealot x5  
  200  11:29  Photon Cannon  
  200  11:31  Photon Cannon  
  200  11:33  Stargate, Photon Cannon  
  200  11:34  Shield Battery  
  172  11:49  Disruptor (Chrono Boost)  
  172  11:50  Disruptor (Chrono Boost)  
  172  11:53  Zealot x5  
  172  11:54  Zealot x9  
  160  12:00  Protoss Ground Armor Level 3 (Chrono Boost), Observer  
  152  12:03  Observer  
  152  12:08  Probe x5  
  155  12:14  Gravitic Boosters  
  155  12:21  Observer x2 (Chrono Boost)  
  157  12:23  Dark Templar  
  157  12:29  Zealot x11  
  181  12:35  Shield Battery  
  181  12:40  Assimilator, Fleet Beacon  
  181  12:47  Disruptor  
  185  12:52  Assimilator  
  173  13:03  Disruptor  
  161  13:08  Observer  
  153  13:16  Zealot x11  
  153  13:17  Zealot x3  
  175  13:20  Probe x2  
  175  13:21  Probe  
  175  13:23  Disruptor (Chrono Boost)  
  183  13:31  Nexus  
  188  13:37  Mothership (Chrono Boost)  
  188  13:43  Warp Prism (Chrono Boost)  
  188  13:45  Observer  
  190  13:54  Observer  
  190  13:56  Pylon  
  190  13:58  Assimilator  
  190  13:59  Assimilator, Dark Templar x3  
  190  14:00  Zealot x2  
  190  14:45  Gateway  
  190  14:46  Protoss Shields Level 1 (Chrono Boost)  
  190  14:48  Gateway, Nexus  
  190  14:49  Gateway  
  190  14:51  Pylon  
  190  14:52  Gateway  
  190  14:54  Gateway x2  
  190  14:55  Unknown  
  190  15:00  Gravitic Drive  
  190  15:01  Observer  
  188  15:14  Photon Cannon  
  188  15:15  Photon Cannon  
  188  15:18  Photon Cannon  
  188  15:20  Photon Cannon  
  188  15:21  Shield Battery  
  181  15:31  Disruptor  
  181  15:35  Stalker x6  
  179  15:36  Stalker x5  
  195  16:01  Pylon  
  195  16:02  Templar Archives  
  195  16:11  Assimilator  
  195  16:12  Assimilator, Protoss Air Weapons Level 1 (Chrono Boost)  
  195  16:17  Observer x2  
  197  16:20  Photon Cannon  
  197  16:21  Photon Cannon  
  197  16:22  Photon Cannon  
  197  16:25  Photon Cannon  
  197  16:27  Shield Battery, Photon Cannon  
  197  16:32  Shield Battery  
  193  16:34  Pylon  
  183  16:47  Assimilator x2  
  183  16:48  Photon Cannon  
  183  16:50  Photon Cannon  
  183  16:51  Photon Cannon  
  183  16:52  Photon Cannon  
  183  16:53  Shield Battery  
  183  16:55  Photon Cannon  
  183  16:56  Photon Cannon  
  183  16:57  Shield Battery, Photon Cannon  
  183  17:02  Photon Cannon  
  183  17:03  Protoss Shields Level 2 (Chrono Boost)  
  183  17:04  Photon Cannon  
  183  17:05  Stalker x8  
  189  17:21  Stalker x7  
  189  17:22  Stalker x5  
  185  17:50  Disruptor (Chrono Boost)  
  185  17:51  Disruptor (Chrono Boost)  
  159  17:59  Stalker x18  
  159  18:00  Stalker x2  
  189  18:11  Observer  
  179  18:21  Disruptor x2 (Chrono Boost), Psionic Storm  
  180  18:43  Stargate  
  178  18:49  Stargate  
  178  18:53  Zealot x11  
  198  19:05  Protoss Air Weapons Level 2 (Chrono Boost)  
  184  19:20  Nexus  
  184  19:22  Disruptor  
  194  19:25  Mothership (Chrono Boost), Pylon  
  194  19:34  Zealot x3  
  200  19:38  Nexus  
  200  19:39  Observer  
  200  19:45  Protoss Shields Level 3  
  188  19:50  Zealot x6  
  200  19:52  Pylon  
  200  19:55  Photon Cannon  
  200  19:56  Photon Cannon  
  200  19:58  Zealot, Photon Cannon  
  194  20:16  Zealot x6  
  184  20:29  Pylon  
  184  20:30  High Templar x2  
  184  20:34  Photon Cannon x2  
  184  20:35  Shield Battery  
  188  20:36  Photon Cannon  
  188  20:37  Pylon, Photon Cannon  
  188  20:40  Shield Battery, Pylon  
  188  20:49  Dark Templar  
  186  21:18  Tempest x2 (Chrono Boost)  
  192  21:24  Tempest (Chrono Boost)  
  187  21:32  Disruptor  
  187  21:33  Disruptor  
  187  21:36  High Templar x3  
  187  21:37  High Templar  
  187  21:39  Observer  
  189  21:40  Zealot x7  
  181  21:59  Tempest x2 (Chrono Boost), Protoss Air Weapons Level 3 (Chrono Boost)  
  191  22:08  Zealot x5  
  198  22:26  Zealot  
  192  22:46  Zealot x4  
  194  22:54  Zealot, High Templar x2  
  200  23:07  Pylon  
  200  23:10  Pylon  
  200  23:28  Stargate  
  200  23:39  Nexus  
  192  23:49  Archon x2  
  192  23:50  High Templar  
  194  23:59  Tempest x2  
  196  24:07  Disruptor x2  
  194  24:13  Stalker x3  
  199  24:20  Tempest  
  187  24:29  High Templar x3, Pylon  
  168  24:34  Zealot x3  
  168  24:35  Zealot x8  
  184  24:41  Tempest  
  184  24:43  Protoss Air Armor Level 1  
  173  24:54  Tempest  
  170  25:03  Tempest  
  170  25:05  Probe (Chrono Boost)  
  170  25:06  Probe x2 (Chrono Boost)  
  174  25:12  Disruptor  
  174  25:24  Stalker, Mothership (Chrono Boost)  
  174  25:25  Stalker x12  
  200  25:31  Assimilator  
  200  25:32  Assimilator  
  200  25:34  Photon Cannon  
  200  25:35  Photon Cannon  
  200  25:36  Forge  
  200  25:39  Shield Battery  
  200  25:40  Photon Cannon  
  200  25:41  Photon Cannon x2  
  200  25:44  Shield Battery, Photon Cannon  
  200  25:45  Nexus  
  200  25:46  Photon Cannon  
  183  26:36  High Templar  
  183  26:37  High Templar  
  187  26:41  Stalker x6  
  199  26:49  Observer x2  
  198  27:11  Nexus  
  198  27:41  Unknown  
  198  27:43  Observer x2  
  200  28:02  Observer  
  200  28:04  Pylon  
  193  28:24  Photon Cannon  
  193  28:25  Photon Cannon  
  193  28:27  Photon Cannon  
  193  28:28  Photon Cannon  
  193  28:29  Photon Cannon  
  193  28:36  Shield Battery  
  193  28:38  Shield Battery  
  193  28:40  Shield Battery  
  193  28:43  Photon Cannon  
  193  28:44  Photon Cannon  
  193  28:46  Photon Cannon  
  193  28:47  Photon Cannon  
  193  28:50  Shield Battery  
  193  28:54  Pylon  
  193  28:56  Shield Battery  
  193  28:57  Pylon  
  193  28:58  Shield Battery  
  193  28:59  Pylon  
  189  29:03  Pylon  
  189  29:08  High Templar x2  
  191  29:22  High Templar  
  192  29:28  Observer x2  
  177  29:46  Disruptor x2  
  177  29:48  Zealot x6  
  177  29:49  Zealot x5  
  194  30:04  Protoss Air Armor Level 2 (Chrono Boost), Tempest x2 (Chrono Boost)  
  174  30:09  Zealot x11  
  194  30:14  Tempest (Chrono Boost)  
  194  30:17  Tempest (Chrono Boost)  
  196  30:37  Shield Battery  
  196  30:38  Shield Battery  
  196  30:40  Shield Battery  
  196  30:41  Mothership (Chrono Boost), Photon Cannon x2  
  196  30:43  Shield Battery  
  196  30:45  Photon Cannon  
  196  30:47  Assimilator x2, Pylon  
  196  30:48  Pylon  
  196  30:52  Photon Cannon  
  192  30:58  Disruptor x2  
  198  31:06  Observer  
  198  31:12  Photon Cannon  
  198  31:14  Observer  
  198  31:16  Photon Cannon  
  197  31:20  Oracle  
  197  31:24  Photon Cannon  
  194  31:52  Zealot x6  
  189  32:04  Zealot x11  
  189  32:05  Zealot  
  174  32:16  Zealot x8  
Show
View Real Time Build Order
Export as new Build Order

ByuN Terran 

Build Orders:  

Get SALT Encoding   

  12  0:00  SCV  
  13  0:12  SCV  
  14  0:16  Supply Depot  
  14  0:24  SCV  
  15  0:38  Barracks  
  15  0:39  SCV  
  16  0:44  Refinery  
  16  0:51  SCV  
  17  1:00  Barracks  
  17  1:03  SCV  
  18  1:16  SCV  
  19  1:26  Reaper  
  19  1:28  Orbital Command  
  20  1:41  Supply Depot  
  20  1:54  Reaper  
  21  1:55  SCV  
  22  2:03  Reaper  
  22  2:07  SCV  
  24  2:13  Command Center  
  24  2:19  SCV, Refinery  
  25  2:31  SCV  
  26  2:40  Factory  
  26  2:43  SCV  
  27  2:50  Bunker  
  27  2:51  Barracks Reactor  
  27  2:55  SCV  
  28  3:01  Barracks Tech Lab  
  28  3:07  SCV  
  29  3:19  SCV  
  30  3:20  Marine  
  30  3:25  Starport  
  30  3:26  Orbital Command, Widow Mine  
  33  3:30  Marine  
  33  3:31  Marine  
  36  3:34  SCV  
  36  3:39  Marine  
  36  3:40  Stimpack  
  37  3:47  SCV, Widow Mine  
  40  3:48  Supply Depot  
  40  3:51  Marine x2  
  42  3:58  Marine  
  42  3:59  SCV  
  42  4:00  SCV  
  45  4:05  Supply Depot  
  45  4:09  Factory Tech Lab  
  45  4:10  Medivac  
  45  4:12  Supply Depot  
  45  4:15  SCV x2  
  49  4:17  Marine  
  49  4:18  Marine  
  49  4:20  Marine  
  52  4:27  SCV x2  
  52  4:29  Refinery  
  54  4:33  Siege Tank  
  54  4:36  Engineering Bay  
  58  4:40  SCV x2  
  61  4:46  Supply Depot, Marine x2  
  61  4:47  Marine  
  62  4:53  Liberator  
  62  4:54  SCV x2  
  67  5:06  SCV  
  68  5:07  SCV  
  68  5:08  Supply Depot  
  68  5:09  Marine  
  68  5:10  Siege Tank  
  73  5:18  SCV  
  73  5:20  SCV  
  75  5:24  Marine  
  75  5:25  Marauder  
  75  5:27  Terran Infantry Weapons Level 1  
  75  5:28  Supply Depot  
  76  5:30  SCV  
  76  5:32  SCV  
  77  5:36  Combat Shield  
  77  5:37  Refinery  
  77  5:42  SCV  
  78  5:44  SCV  
  78  5:46  Supply Depot  
  78  5:47  Marauder  
  81  5:50  Supply Depot  
  81  5:55  Siege Tank, Marine x2  
  87  6:02  Starport Reactor, Barracks  
  87  6:05  SCV x2  
  88  6:13  Marine x2, Marauder  
  92  6:25  SCV x2, Command Center  
  94  6:37  SCV x2  
  94  6:42  Marine, Marauder, Barracks  
  94  6:43  Marine, Barracks  
  98  6:49  SCV x2  
  98  6:52  Supply Depot, Factory Reactor  
  98  6:53  Medivac x2  
  104  7:01  SCV x2, Marauder  
  106  7:02  Marine  
  106  7:05  Marine  
  110  7:08  Supply Depot  
  110  7:13  SCV x2  
  112  7:20  Marauder  
  112  7:22  Marauder  
  116  7:24  Terran Infantry Armor Level 1  
  116  7:26  SCV x2  
  118  7:30  Medivac x2  
  118  7:33  Barracks Tech Lab, Barracks Reactor  
  122  7:38  SCV x2  
  122  7:41  Marine  
  122  7:43  Orbital Command  
  123  7:49  Refinery x2  
  123  7:50  Marine, Ghost Academy, Marauder x2  
  128  7:52  SCV, Sensor Tower  
  128  7:53  SCV  
  130  8:00  Viking x2  
  130  8:02  Concussive Shells  
  134  8:08  Marine  
  134  8:09  Marauder  
  134  8:10  SCV x2  
  134  8:12  SCV  
  140  8:14  Supply Depot x2  
  140  8:15  Supply Depot  
  140  8:19  Command Center  
  140  8:26  SCV  
  141  8:33  SCV x2, Viking x2  
  147  8:35  Ghost x2  
  147  8:38  Ghost  
  153  8:44  Armory  
  153  8:48  SCV x2, Engineering Bay  
  153  8:55  Marine x3  
  155  8:56  Marine  
  155  8:59  Missile Turret  
  159  9:03  Missile Turret  
  159  9:06  Viking x2  
  161  9:11  Missile Turret  
  161  9:13  SCV x3  
  162  9:17  Missile Turret  
  162  9:19  Missile Turret  
  161  9:25  SCV x3  
  161  9:26  Marauder  
  161  9:27  Marauder x2  
  170  9:34  Terran Infantry Armor Level 2, Terran Infantry Weapons Level 2  
  170  9:36  Terran Ship Weapons Level 1  
  170  9:37  SCV  
  171  9:42  Missile Turret  
  171  9:44  Planetary Fortress  
  171  9:50  Unknown  
  171  9:51  SCV  
  171  9:52  SCV  
  173  9:59  Ghost x3  
  179  10:12  Factory Reactor  
  179  10:16  Starport  
  179  10:17  Barracks  
  179  10:18  Barracks  
  179  10:20  SCV x3, Missile Turret  
  182  10:24  Marine x3  
  182  10:25  Marine  
  182  10:28  Marauder  
  188  10:32  Missile Turret  
  188  10:34  Marauder x2  
  187  10:51  Marine, Marauder  
  187  10:52  Command Center, Sensor Tower  
  187  10:53  Marine, Command Center  
  187  10:55  Marauder  
  193  11:09  Barracks  
  195  11:11  Marauder  
  195  11:12  Barracks Tech Lab x2  
  195  11:17  Fusion Core  
  195  11:26  Marauder x2  
  195  11:27  Missile Turret  
  196  11:41  Ghost x2  
  196  11:42  Ghost  
  196  11:47  Marine x2, Ghost, Marauder  
  164  11:48  Marine x2  
  164  11:50  Liberator x3  
  153  12:05  Marine x2  
  153  12:06  Marine x2, Barracks Reactor  
  153  12:07  Orbital Command, Widow Mine x2  
  158  12:09  Marauder  
  158  12:10  Marauder  
  158  12:11  Marauder  
  158  12:12  Terran Infantry Armor Level 3, Marauder, Terran Infantry Weapons Level 3  
  166  12:17  Liberator  
  169  12:31  Sensor Tower  
  169  12:32  Liberator, Marauder x2  
  169  12:33  Marauder  
  169  12:34  Marauder x2  
  185  12:42  Advanced Ballistics  
  185  12:43  Terran Ship Weapons Level 2  
  185  12:47  Medivac  
  185  12:50  Medivac  
  186  12:53  Ghost x3  
  179  13:00  Marauder x2  
  158  13:06  Liberator  
  160  13:14  Planetary Fortress  
  160  13:16  Marine x4  
  160  13:17  Marine  
  157  13:21  Marauder  
  157  13:22  Liberator, Marauder x3  
  157  13:23  Marauder  
  157  13:26  Liberator  
  173  13:31  Liberator  
  176  13:34  Missile Turret  
  176  13:36  Marine x2  
  178  13:42  Ghost  
  178  13:43  Sensor Tower  
  178  13:45  SCV x3  
  178  13:47  Missile Turret  
  183  13:52  Liberator  
  183  13:54  Caduceus Reactor  
  186  14:03  Command Center  
  186  14:05  Liberator  
  186  14:09  Liberator, Ghost x2  
  196  14:14  Liberator  
  189  14:33  Marauder x3  
  189  14:35  Viking  
  200  14:38  Marauder x2  
  200  14:39  Sensor Tower  
  200  14:43  Armory  
  200  14:49  Refinery x2, Neosteel Armor  
  200  14:51  Command Center  
  200  14:54  Sensor Tower  
  200  14:56  Command Center  
  200  15:04  Missile Turret  
  200  15:16  Command Center  
  200  15:18  Command Center  
  198  15:25  Ghost  
  198  15:26  Ghost  
  198  15:27  Ghost x2  
  193  15:32  Medivac x2  
  193  15:35  Liberator x2  
  194  16:00  Missile Turret  
  194  16:02  Liberator x2  
  200  16:04  Planetary Fortress  
  200  16:06  Missile Turret x2  
  200  16:09  Missile Turret, Command Center  
  200  16:14  Orbital Command  
  200  16:17  Planetary Fortress  
  200  16:23  Hi-Sec Auto Tracking, Terran Ship Weapons Level 3  
  200  16:33  Planetary Fortress  
  194  16:55  Missile Turret  
  194  16:56  Missile Turret  
  194  17:04  Command Center  
  194  17:06  Command Center  
  190  17:17  SCV x2  
  190  17:21  Marauder x2  
  190  17:22  SCV x2  
  184  17:26  Liberator x3  
  184  17:27  Liberator  
  194  17:33  Starport  
  186  17:44  Ghost x3  
  186  17:47  Factory Reactor  
  186  17:48  Ghost  
  164  17:54  Marine x2, Marauder  
  164  17:55  Marine  
  164  17:56  SCV x2  
  168  18:01  SCV x2  
  168  18:02  SCV  
  168  18:03  SCV  
  169  18:08  SCV  
  169  18:09  Liberator x3, Viking  
  177  18:13  Marauder x2  
  177  18:14  Marauder  
  177  18:16  Marauder  
  177  18:17  Marine x3, Marauder  
  185  18:35  Command Center  
  185  18:38  Marauder x4  
  185  18:39  Marauder  
  193  18:57  Liberator x2  
  191  19:41  Medivac  
  191  19:42  Medivac  
  191  19:45  Viking x2  
  193  19:53  Sensor Tower  
  193  20:11  Viking  
  188  20:25  Marauder x4  
  188  20:26  Marauder  
  188  20:28  Marine x5  
  195  20:29  Marine  
  199  20:46  Marine  
  199  20:48  Marauder x3  
  199  20:49  Missile Turret  
  200  20:50  Refinery  
  200  20:51  Missile Turret x2  
  200  20:52  Refinery  
  200  20:56  Missile Turret  
  193  21:18  Marauder  
  193  21:20  Marauder x2  
  193  21:22  Marauder x2  
  200  21:31  Marine x2  
  186  21:35  Liberator x2  
  186  21:39  Liberator, Ghost  
  193  21:40  Ghost  
  193  21:41  Marine, Marauder  
  193  21:44  Marine, Marauder  
  193  21:45  Marine x2, Marauder  
  196  21:49  Marine x2  
  198  21:58  Missile Turret  
  198  21:59  Marine  
  198  22:01  Missile Turret  
  198  22:02  Ghost  
  198  22:03  Missile Turret  
  198  22:04  Missile Turret  
  198  22:05  Missile Turret  
  198  22:07  Marauder  
  199  22:09  Marauder  
  193  22:15  Marine  
  193  22:16  Marine x2  
  199  22:24  Viking  
  199  22:30  Planetary Fortress  
  199  22:36  Viking x2  
  199  22:37  Viking  
  194  22:41  Ghost  
  196  22:45  Ghost  
  185  22:54  Ghost  
  185  22:59  Missile Turret  
  185  23:02  Missile Turret  
  185  23:03  Missile Turret  
  185  23:05  Missile Turret  
  185  23:07  Missile Turret  
  185  23:09  Missile Turret, Viking x2  
  185  23:11  Missile Turret  
  183  23:18  Marine x10  
  187  23:23  Marine  
  188  23:36  Marine x8, Ghost  
  198  23:48  Viking x2  
  199  24:00  Viking x2  
  199  24:02  Viking x2  
  178  24:18  Viking  
  178  24:20  Viking  
  177  24:26  Marine  
  177  24:27  Marine x10  
  177  24:30  Viking x2  
  179  24:42  Orbital Command  
  179  24:44  Marine  
  179  24:45  Marine x5  
  173  24:54  Marine, Marauder x4  
  181  25:02  Marine x2  
  181  25:03  Marauder  
  181  25:15  Marauder x3  
  181  25:16  Marauder  
  181  25:19  Marine x3  
  181  25:21  Orbital Command  
  189  25:26  Viking  
  195  25:45  Viking x4  
  199  25:55  Command Center  
  199  26:16  Viking  
  190  26:40  Viking x3  
  190  26:41  Viking  
  194  27:24  Ghost  
  194  27:25  Ghost, Personal Cloaking  
  194  27:27  Medivac  
  194  28:01  Command Center, Sensor Tower  
  194  28:02  Missile Turret  
  191  28:23  Viking  
  191  28:24  Viking x3  
  191  28:25  Terran Vehicle And Ship Armor Level 1  
  199  28:40  Command Center  
  199  28:43  Command Center  
  191  29:11  Orbital Command  
  191  29:26  Nuke  
  185  29:44  Ghost  
  169  29:45  Ghost x2  
  169  29:46  Ghost  
  169  29:51  Medivac x2  
  175  29:57  Marine  
  154  30:08  Marine x2  
  154  30:09  Marine x3  
  154  30:11  Marauder  
  154  30:14  Marine x2, Marauder  
  144  30:17  Ghost  
  144  30:18  Marine  
  146  30:25  Orbital Command x2  
  146  30:26  Marine x2  
  146  30:27  Marine x3  
  151  30:31  Ghost  
  151  30:32  Marine x2  
  155  30:38  Marine x2  
  157  30:44  Marine x2  
  157  30:45  Marine x3, Ghost  
  164  30:56  Ghost  
  155  30:57  Marine  
  155  31:01  Marine  
  157  31:11  Marine x7  
  158  31:14  Marine  
  158  31:15  Marine  
  164  31:19  Marine  
  164  31:25  Marine  
  166  31:28  Marine  
  166  31:29  Marine x3  
  166  31:30  Ghost  
  172  31:32  Orbital Command  
  172  31:44  Ghost  
  170  31:53  Marauder x2  
  166  31:57  Marine  
Tags
 
Add a new tag
Caveats
  • Supply blocks, unpowered buildings, or Contaminate may cause inaccurate times.
  • Supply counts are checked every 10 seconds.